AoeStats
← Gobbor

African Clearing

510539675Analyzed
2v2 RM · 1d ago on Oct 1, 2026· 51m 59s· 4 players
Game mode
Random Map
Map size
Medium (4 player)
Population
200
Speed
Normal
Resources
Standard
Victory
Conquest
Starting age
Dark Age
Ending age
Imperial Age
RankedLock teamsTeams togetherTeam positionsShared explorationLock speedFull tech treeHidden civsTurbo modeCheats
Victory
Defeat
🇩🇰 Shu · Denmark
688
+16
🇺🇸 Malay · United States
646
+18
🇨🇱 Vikings · Chile
762
-52
🇨🇱 Britons · Chile
615
-14
Turd Ferguson
6:19 Loom
14:36 Feudal Age
18:15 Wheelbarrow
24:50 Castle Age
23:46 Double-Bit Axe
25:08 Fletching
25:38 Pikeman
28:33 Bodkin Arrow
32:17 Fishing Lines
38:10 Gillnets
38:23 Thalassocracy
42:23 Imperial Age
40:34 Ballistics
39:56 Treadmill Crane
40:26 Masonry
42:07 Bracer
43:42 Chemistry
42:39 Murder Holes
42:49 Siege Engineers
43:17 Conscription
44:16 Husbandry
44:29 Forging
44:24 Scale Barding Armor
44:39 Hand Cart
44:09 Town Watch
45:02 Padded Archer Armor
46:27 Bow Saw
47:53 Leather Archer Armor
48:13 Iron Casting
47:01 Elite Battle Elephant
47:02 Crossbowman
47:48 Thumb Ring
47:48 Town Patrol
50:10 Ring Archer Armor
Gobbor
3:15 Loom
17:07 Feudal Age
17:38 Double-Bit Axe
19:24 Horse Collar
22:29 Gold Mining
22:31 Stone Mining
24:53 Castle Age
24:18 Wheelbarrow
26:15 Bow Saw
28:51 Heavy Plow
29:55 Gold Shaft Mining
29:49 Hand Cart
34:50 Imperial Age
33:52 Scale Barding Armor
36:38 Two-Man Saw
36:50 Chemistry
36:39 Conscription
37:15 Ballistics
37:21 Chain Barding Armor
39:59 Bolt Magazine
41:02 Plate Barding Armor
41:29 Siege Engineers
MisterCachimba
5:03 Loom
14:27 Feudal Age
18:17 Man-at-Arms
27:01 Horse Collar
28:46 Double-Bit Axe
32:15 Castle Age
33:45 Long Swordsman
33:45 Pikeman
34:26 Squires
34:12 Arson
35:18 Crossbowman
35:22 Long Swordsman
36:03 Squires
36:33 Bow Saw
38:21 Forging
38:12 Scale Mail Armor
38:02 Fletching
38:13 Padded Archer Armor
37:49 Pikeman
38:20 Arson
41:21 Gold Mining
41:22 Stone Mining
42:55 Iron Casting
42:36 Chain Mail Armor
42:16 Bodkin Arrow
42:36 Leather Archer Armor
43:14 Ballistics
42:35 Treadmill Crane
43:06 Masonry
42:52 Murder Holes
42:49 Guard Tower
44:46 Caravan
46:55 Leather Archer Armor
49:40 Elite Skirmisher
TERRORKING4140
12:55 Feudal Age
29:26 Fletching
31:12 Double-Bit Axe
33:46 Castle Age
32:28 Fletching
32:42 Horse Collar
32:51 Double-Bit Axe
33:00 Gold Mining
34:44 Crossbowman
38:53 Wheelbarrow
39:09 Bow Saw
42:40 Hand Cart
42:13 Town Watch
45:25 Bodkin Arrow
45:34 Padded Archer Armor
49:09 Imperial Age
47:41 Elite Skirmisher
Connection lost

Rejoining the realm…

Still unreachable

The connection could not be restored.

Session expired

The server has moved on; the page needs a fresh start.